 Dungeon Crawl Stone Soup version 0.30-a0-883-g5ad918d77d (webtiles) character file.

Game seed: 1825843118644438190

756 Ijustatesigmund the Firebug (level 7, -12/51 HPs)
             Began as a Gnoll Fire Elementalist on Mar 16, 2023.
             Mangled by Pikel
             ... wielding a +0 whip of electrocution
              (14 damage)
             ... on level 5 of the Dungeon.
             The game lasted 00:07:58 (5155 turns).

Ijustatesigmund the Firebug (GnFE)                  Turns: 5155, Time: 00:08:00

Health: -12/51     AC:  6    Str: 14    XL:     7   Next: 79%
Magic:  11/15      EV: 13    Int: 16    God:
Gold:   305        SH:  0    Dex: 12    Spells: 12/17 levels left

rFire   . . .      SeeInvis .    c - +5 flail (venom)
rCold   . . .      Faith    .    (no shield)
rNeg    . . .      Spirit   .    a - +0 robe
rPois   +          Reflect  .    y - +0 helmet
rElec   .          Rampage  .    s - +0 cloak
rCorr   .                        m - +0 pair of gloves
Will    .....                    D - +0 pair of boots
Stlth   +++                      (no amulet)
HPRegen 0.28/turn                d - +6 ring of strength
MPRegen 0.14/turn                n - ring of poison resistance

@: mighty
A: fangs 1, strong nose, distributed training
a: no special abilities


You were on level 5 of the Dungeon.
You visited 1 branch of the dungeon, and saw 5 of its levels.

You collected 305 gold pieces.

Inventory:

Hand Weapons
 c - a +5 flail of venom (weapon)
 x - a +0 morningstar
Armour
 a - a +0 robe (worn)
 m - a +0 pair of gloves (worn)
 s - a +0 cloak (worn)
 y - a +0 helmet (worn)
 D - a +0 pair of boots (worn)
Magical Staves
 B - a staff of conjuration
Jewellery
 d - a +6 ring of strength (left hand)
 n - a ring of poison resistance (right hand)
Scrolls
 e - 4 scrolls of identify {unknown}
 f - a scroll of torment {unknown}
 g - a scroll of magic mapping {unknown}
 j - a scroll of noise {unknown}
 l - a scroll of fear {unknown}
 o - 4 scrolls of blinking {unknown}
 p - a scroll of butterflies {unknown}
 t - 2 scrolls of teleportation {unknown}
 u - a scroll of enchant armour {unknown}
 v - a scroll of enchant weapon {unknown}
 A - a scroll of vulnerability {unknown}
Potions
 b - a potion of magic
 h - a potion of might
 i - a potion of haste {unknown}
 k - a potion of flight {unknown}
 q - a potion of attraction {unknown}
 r - 2 potions of mutation {unknown}
 w - a potion of experience {unknown}
 z - a potion of ambrosia {unknown}
 C - a potion of cancellation {unknown}
 E - a potion of curing {unknown}
 F - a potion of resistance {unknown}


   Skills:
 + Level 2.8 Fighting
 + Level 2.8 Short Blades
 + Level 2.8 Long Blades
 + Level 2.8 Axes
 + Level 2.8 Maces & Flails
 + Level 2.8 Polearms
 + Level 2.8 Staves
 + Level 2.8 Ranged Weapons
 + Level 2.8 Throwing
 + Level 2.8 Armour
 + Level 5.4 Dodging
 + Level 5.1 Stealth
 + Level 2.8 Shields
 + Level 2.8 Unarmed Combat
 + Level 5.8 Spellcasting
 + Level 3.2 Conjurations
 + Level 2.3 Hexes
 + Level 2.3 Summonings
 + Level 2.3 Necromancy
 + Level 2.3 Translocations
 + Level 2.3 Transmutations
 + Level 5.9 Fire Magic
 + Level 2.3 Ice Magic
 + Level 2.3 Air Magic
 + Level 2.3 Earth Magic
 + Level 2.3 Poison Magic
 + Level 3.1 Invocations
 + Level 2.8 Evocations


You had 12 spell levels left.
You knew the following spells:

 Your Spells              Type           Power      Damage    Failure   Level
a - Foxfire               Conj/Fire      76%        2x1d7     2%          1
b - Scorch                Fire           46%        2d7       1%          2
c - Ensorcelled Hibernat  Hex/Ice        24%        N/A       9%          2

Your spell library contained the following spells:

 Spells                   Type           Power      Damage    Failure   Level
 Inner Flame              Hex/Fire       17%        N/A       8%          3
 Kindle Blastsparks       Fire/Tloc/Air  30%        2d12      10%         3
 Spider Form              Tmut/Pois      12%        N/A       16%         3
 Flame Wave               Conj/Fire      19%        2d7       22%         4
 Anguish                  Hex/Necr       6%         N/A       47%         4


Dungeon Overview and Level Annotations

Branches:
Dungeon (5/15)             Temple (0/1) D:5

Altars:
Cheibriados
Fedhas
Makhleb
Okawaru

Annotations:
D:5 Pikel


Innate Abilities, Weirdness & Mutations

You have very sharp teeth.
Your uncanny sense of smell can sniff out nearby items.
Your experience applies equally to all skills.


Message History

The lemure barely misses you.
Pikel says, "Hell isn't that bad."
You barely miss the lemure.
The lemure is moderately wounded.
The lemure completely misses you.
Pikel says, "Hell isn't that bad."
Pikel hits you with a +0 whip of electrocution.
You are electrocuted!
You hit the lemure.
The lemure looks as sick as possible!
Your bite misses the lemure.
The lemure is heavily wounded.
The lemure hits you.
Pikel hits you with a +0 whip of electrocution.
The lemure hits you.
* * * LOW HITPOINT WARNING * * *
There is a staircase to the Ecumenical Temple here.
Casting: Foxfire (safe; 2% risk of failure)
Confirm with . or Enter, or press ? or * to list all spells.
Aiming: Ensorcelled Hibernation (safe; 9% risk of failure)
Press: ? - help, Shift-Dir - straight line, f - Pikel
Aim: Pikel, wielding a +0 whip of electrocution and wearing a +2 robe of positive energy (chance to affect: 46%) Pikel resists with some effort.
The lemure closely misses you. Pikel barely misses you.
Casting: Ensorcelled Hibernation (safe; 9% risk of failure)
Confirm with . or Enter, or press ? or * to list all spells.
Aiming: Ensorcelled Hibernation (safe; 9% risk of failure)
Press: ? - help, Shift-Dir - straight line, f/p - Pikel
Aim: Pikel, wielding a +0 whip of electrocution and wearing a +2 robe of positive energy (chance to affect: 46%) Pikel resists with some effort.
The lemure hits you!
* * * LOW HITPOINT WARNING * * *
Pikel hits you with a +0 whip of electrocution.
* * * LOW HITPOINT WARNING * * *
It was a potion of might.
You feel very mighty all of a sudden.
You kill the lemure!
That felt strangely unrewarding.
Pikel hits you with a +0 whip of electrocution.
* * * LOW HITPOINT WARNING * * *
You are electrocuted!
You die...

#.# .....# #.#
....... ### ....##.
.o.## #######
..[...### #######
#####...######.....#
# #
###..#...#...K.#...#
##...⌠....@....⌠..
###...#.....#...#
#####..)..# ##
#######


You could see Pikel.

Vanquished Creatures
  Edmund (D:3)
  2 ice beasts
  4 lemures (D:5)
  A bullfrog (D:4)
  A scorpion (D:3)
  A hound (D:5)
  2 orc wizards (D:3)
  Robin (D:3)
  6 adders
  6 gnolls (D:3)
  5 worms
  3 dart slugs
  11 orcs
  5 ball pythons
  9 endoplasms
  6 giant cockroaches
  13 goblins
  12 hobgoblins
  6 quokkas
  7 bats
  5 frilled lizards
  7 kobolds
  4 rats
118 creatures vanquished.

Vanquished Creatures (others)
  300 foxfires
300 creatures vanquished.

Grand Total: 418 creatures vanquished

Notes
Turn   | Place    | Note
-------+----------+-------------------------------------------
     0 | D:1      | Ijustatesigmund the Gnoll Fire Elementalist began the quest
                  | for the Orb.
     0 | D:1      | Reached XP level 1. HP: 13/13 MP: 6/6
   213 | D:1      | Reached XP level 2. HP: 19/19 MP: 5/7
   479 | D:1      | Learned a level 2 spell: Scorch
   891 | D:2      | Found a faded altar of an unknown god.
   915 | D:2      | Reached skill level 5 in Spellcasting
   915 | D:2      | Reached XP level 3. HP: 23/25 MP: 2/9
  1006 | D:2      | Reached skill level 1 in Invocations
  1356 | D:2      | Reached skill level 1 in Fighting
  1356 | D:2      | Reached skill level 1 in Short Blades
  1356 | D:2      | Reached skill level 1 in Long Blades
  1356 | D:2      | Reached skill level 1 in Axes
  1356 | D:2      | Reached skill level 1 in Maces & Flails
  1356 | D:2      | Reached skill level 1 in Polearms
  1356 | D:2      | Reached skill level 1 in Staves
  1356 | D:2      | Reached skill level 1 in Ranged Weapons
  1356 | D:2      | Reached skill level 1 in Throwing
  1356 | D:2      | Reached skill level 1 in Armour
  1356 | D:2      | Reached skill level 1 in Shields
  1356 | D:2      | Reached skill level 1 in Unarmed Combat
  1356 | D:2      | Reached skill level 1 in Evocations
  1933 | D:2      | Reached XP level 4. HP: 32/32 MP: 6/11
  2401 | D:3      | Reached skill level 1 in Hexes
  2401 | D:3      | Reached skill level 1 in Summonings
  2401 | D:3      | Reached skill level 1 in Necromancy
  2401 | D:3      | Reached skill level 1 in Translocations
  2401 | D:3      | Reached skill level 1 in Transmutations
  2401 | D:3      | Reached skill level 1 in Ice Magic
  2401 | D:3      | Reached skill level 1 in Air Magic
  2401 | D:3      | Reached skill level 1 in Earth Magic
  2401 | D:3      | Reached skill level 1 in Poison Magic
  2556 | D:3      | Noticed an ice beast
  2693 | D:3      | Reached XP level 5. HP: 37/37 MP: 8/12
  2903 | D:3      | Found a burning altar of Makhleb.
  2914 | D:3      | Killed an ice beast
  2915 | D:3      | Reached XP level 6. HP: 44/44 MP: 8/14
  3173 | D:3      | Reached skill level 5 in Dodging
  3309 | D:3      | Noticed Robin
  3392 | D:3      | Killed Robin
  4047 | D:4      | Found a snail-covered altar of Cheibriados.
  4139 | D:4      | Learned a level 2 spell: Ensorcelled Hibernation
  4338 | D:4      | Found an iron altar of Okawaru.
  4362 | D:4      | Reached XP level 7. HP: 31/51 MP: 7/15
  4446 | D:4      | Found a blossoming altar of Fedhas.
  4447 | D:4      | Noticed Edmund
  4493 | D:3      | Killed Edmund
  4496 | D:3      | Reached skill level 5 in Stealth
  4807 | D:5      | Entered Level 5 of the Dungeon
  5126 | D:5      | Found a staircase to the Ecumenical Temple.
  5139 | D:5      | Noticed Pikel
  5155 | D:5      | HP: 2/51 [Pikel/+0 whip of electrocution (4)]
  5155 | D:5      | Mangled by Pikel

Illustrated notes

Levels and vault maps discovered:
D:1:      sevenhm_arrival_forest_fort_small_5, layout_basic
D:2:      layout_loops_corners, basic_ecumenical_altar,
          amcnicky_mini_rare_corridor_liquid, minivault_26,
          kennysheep_cluttered_room, grunt_decor_junction, minmay_tetromino_o2
D:3:      minmay_general_purpose_star, layout_rooms, lemuel_doored_altar,
          uniq_robin
D:4:      layout_layer_cave, mainiacjoe_overflow_alcove_1,
          mainiacjoe_overflow_surrounded_room, nicolae_overflow_crystal_walls,
          uniq_edmund
D:5:      layout_layer_cave, minmay_temple_entry_antechambers,
          minmay_manual_monolith, uniq_pikel, uniq_eustachio, uniq_sigmund

Skill      XL: |  1  2  3  4  5  6  7 |
---------------+----------------------+-----
Conjurations   | 2 3 |  3.2
Spellcasting   | 5 |  5.8
Invocations    | 1 2 3 |  3.1
Fighting       | 1 2 |  2.8
Short Blades   | 1 2 |  2.8
Long Blades    | 1 2 |  2.8
Axes           | 1 2 |  2.8
Maces & Flails | 1 2 |  2.8
Polearms       | 1 2 |  2.8
Staves         | 1 2 |  2.8
Ranged Weapons | 1 2 |  2.8
Throwing       | 1 2 |  2.8
Armour         | 1 2 |  2.8
Shields        | 1 2 |  2.8
Unarmed Combat | 1 2 |  2.8
Evocations     | 1 2 |  2.8
Hexes          | 1 2 |  2.3
Summonings     | 1 2 |  2.3
Necromancy     | 1 2 |  2.3
Translocations | 1 2 |  2.3
Transmutations | 1 2 |  2.3
Ice Magic      | 1 2 |  2.3
Air Magic      | 1 2 |  2.3
Earth Magic    | 1 2 |  2.3
Poison Magic   | 1 2 |  2.3
Dodging        | 5 |  5.4
Stealth        | 5 |  5.1
Fire Magic     | |  5.9

Action                     |  1- 3 |  4- 6 |  7- 9 || total
---------------------------+-------+-------+-------++-------
  Melee: Bite              |     1 |     3 |     8 ||    12
         Short sword       |     1 |       |       ||     1
         Whip              |       |    26 |     7 ||    33
         Flail             |       |       |    37 ||    37
         Punch             |       |       |     1 ||     1
   Cast: Foxfire           |    67 |    94 |    12 ||   173
         Scorch            |    10 |     8 |     9 ||    27
         Ensorcelled Hiber |       |     4 |     3 ||     7
    Use: Potion            |       |       |     1 ||     1
   Stab: Sleeping          |       |       |     1 ||     1
 Armour: Robe              |     2 |    16 |    19 ||    37
  Dodge: Dodged            |     9 |    55 |    45 ||   109

Table legend: (Time is in decaauts)
 A = Elapsed time spent in this place.
 B = Non-inter-level travel time spent in this place.
 C = Inter-level travel time spent in this place.
 D = Time resting spent in this place.
 E = Time spent auto-exploring this place.
 F = Levels seen in this place.
 G = Mean time per level.
                   A        B        C        D        E       F      G
               +--------+--------+--------+--------+--------+-----+--------+
         Total |   5167 |   5004 |    163 |    837 |   3367 |   5 | 1033.4 |
       Dungeon |   5167 |   5004 |    163 |    837 |   3367 |   5 | 1033.4 |
               +--------+--------+--------+--------+--------+-----+--------+

Top non-repeatable levels by time:
     D:2: 1586 daAuts
     D:3: 1504 daAuts
     D:4: 889 daAuts
     D:1: 830 daAuts
     D:5: 356 daAuts
